 Dungeon Crawl Stone Soup version 0.29.1-14-g9c671dbff4 (webtiles) character file.

Game seed: 3241279898954069623

2226 H0rd4k the Insei (level 9, 0/56 (62) HPs)
             Began as an Octopode Artificer on Feb 17, 2023.
             Was an Initiate of Gozag.
             Slain by a wight
             ... wielding a +0 great sword
              (4 damage)
             ... on level 7 of the Dungeon.
             The game lasted 00:11:19 (10462 turns).

H0rd4k the Insei (Octopode Artificer)              Turns: 10462, Time: 00:11:20

HP:   0/56 (62)     AC:  1    Str: 12    XL:     9   Next: 36%
MP:   8/16          EV: 13    Int: 17    God:    Gozag
Gold: 607           SH:  0    Dex: 12    Spells: 2/18 levels left

rFire   . . .      SeeInvis .     - Unarmed
rCold   . . .      Faith    .   (no shield)
rNeg    . . .      Spirit   .   u - +0 hat
rPois   .          Reflect  .   (no amulet)
rElec   .          Harm     .   n - ring of willpower
rCorr   .          Rampage  .   (no ring)
Will    +....                   (no ring)
Stlth   +++.......              (no ring)
HPRegen 0.18/turn               (no ring)
MPRegen 0.15/turn               (no ring)
                                (no ring)
                                (no ring)

@: gold aura, drained
A: almost no armour, amphibious, 8 rings, camouflage 1, gelatinous body 1,
(nimble swimmer 1), tentacles
a: Renounce Religion, Potion Petition, Call Merchant, Bribe Branch


You were on level 7 of the Dungeon.
You worshipped Gozag.
Gozag was pleased with you.
You visited 1 branch of the dungeon, and saw 7 of its levels.
You also visited: Sewer.

You collected 859 gold pieces.
You spent 160 gold pieces at shops.
You paid 92 gold pieces to Gozag.

Inventory:

Missiles
 s - a throwing net
 x - 2 atropa-tipped darts
 z - 10 poisoned darts
Armour
 u - a +0 hat (worn)
Magical Staves
 g - a staff of death
 w - a staff of conjuration
Jewellery
 c - a ring of protection from fire
 n - a ring of willpower (left tentacle)
 y - a ring of protection from fire
Wands
 b - a wand of flame (7) (quivered)
 F - a wand of iceblast (9)
Scrolls
 f - 3 scrolls of vulnerability {unknown}
 h - 5 scrolls of identify {unknown}
 j - a scroll of magic mapping
 k - a scroll of torment {unknown}
 l - a scroll of silence {unknown}
 p - a scroll of enchant armour {unknown}
 q - 3 scrolls of amnesia {unknown}
 r - 8 scrolls of teleportation
 t - a scroll of noise {unknown}
 v - a scroll of brand weapon {unknown}
 B - 3 scrolls of blinking {unknown}
Potions
 a - 4 potions of haste {unknown}
 d - a potion of ambrosia {unknown}
 e - a potion of curing {unknown}
 i - 4 potions of heal wounds {unknown}
 m - 4 potions of berserk rage
 o - 2 potions of might {unknown}
 A - 2 potions of brilliance {unknown}
 C - 5 potions of flight
 D - 2 potions of mutation {unknown}
 E - 2 potions of lignification {unknown}


   Skills:
 + Level 5.8 Fighting
 - Level 2.3 Dodging
 - Level 1.3 Stealth
 - Level 7.8 Unarmed Combat
 * Level 5.2 Spellcasting
 * Level 2.9 Summonings
 + Level 1.2 Translocations
 + Level 1.3 Air Magic
 - Level 3.2 Evocations


You had 2 spell levels left.
You knew the following spells:

 Your Spells              Type           Power      Damage    Failure   Level
a - Blink                 Tloc           16%        N/A       12%         2
b - Summon Small Mammal   Summ           56%        N/A       4%          1
c - Call Canine Familiar  Summ           14%        N/A       12%         3
d - Summon Guardian Gole  Hex/Summ       9%         N/A       22%         3
e - Summon Lightning Spi  Summ/Air       11%        N/A       50%         4
f - Swiftness             Air            9%         N/A       24%         3

Your spell library contained the following spells:

 Spells                   Type           Power      Damage    Failure   Level
 Static Discharge         Conj/Air       6%         3-4/arc   16%         2
 Ensorcelled Hibernation  Hex/Ice        8%         N/A       22%         2
 Passwall                 Tmut/Erth      3%         N/A       22%         2
 Gell's Gravitas          Tloc           8%         N/A       24%         3
 Lesser Beckoning         Tloc           8%         N/A       24%         3
 Teleport Other           Tloc           8%         N/A       24%         3
 Manifold Assault         Tloc           8%         N/A       92%         5


Dungeon Overview and Level Annotations

Branches:
Dungeon (7/15)             Temple (0/1) D:7           Sewer (visited)

Altars:
Cheibriados
Gozag
Nemelex Xobeh
Okawaru
Trog

Shops:
D:1 !   D:3 :   D:5 =

Annotations:
D:2 1 runed translucent door, exclusion: door, Crazy Yiuf
D:7 exclusion: upstairs


Innate Abilities, Weirdness & Mutations

You cannot wear most types of armour.
You are amphibious.
You can wear up to eight rings at the same time.
Your skin changes colour to match your surroundings (Stealth+).
Your rubbery body absorbs attacks. (AC +1, EV +1)
((You are camouflaged when in or above water. (Stealth+)))
You have tentacles for arms and can constrict up to eight enemies at once.


Message History

Confirm with . or Enter, or press ? or * to list all spells.
Casting: Summon Small Mammal (safe; 4% risk of failure)
Confirm with . or Enter, or press ? or * to list all spells.
You feel stable enough to blink again.
Your bat hits the wight but does no damage.
You barely miss the wight. You grab the wight. You tentacle-slap the wight.
You squeeze the wight.
The wight is moderately damaged.
You constrict the wight. The wight barely misses you.
The wight closely misses your bat.
Your bat hits the wight but does no damage.
You tentacle-slap the wight. You squeeze the wight.
The wight is almost destroyed.
You constrict the wight.
Your bat hits the wight but does no damage.
The wight hits you with a +0 falchion.
You tentacle-slap the wight but do no damage.
The wight is almost destroyed.
You constrict the wight, but do no damage.
Your bat hits the wight.
The wight is destroyed!
The wight hits you with a +0 great sword!!
You barely miss the wight. Your grab misses the wight.
Your hound barely misses the wight.
Your rat closely misses the wight.
The wight hits you with a +0 great sword!
You feel drained.
You tentacle-slap the wight. Your grab misses the wight.
The wight is lightly damaged.
Your bat hits the wight but does no damage.
Your hound bites the wight but does no damage.
Your rat bites the wight but does no damage.
You barely miss the wight. You grab the wight.
The wight is lightly damaged.
You constrict the wight, but do no damage.
Your bat hits the wight but does no damage.
The wight hits you with a +0 great sword!
* * * LOW HITPOINT WARNING * * *
You feel drained.
You die...
Your body crumbles into a pile of gold.

#.....................#....
####....##..###....####'#....
##.##....#######....#.........
....................#.........
....................#.........
....................#.........
....................#.........
##..##.).##.........#.........
#..##...##rb@......#.........
#.......$..hz.......#.........
+........##...#######.........
♣♣♣♣♣...♣♣♣♣♣###.....#####)..
♣.....♣ ♣.#<....#...#...
♣.....⌠..?..♣♣.#.....#...#...
.............♣.#.....#...⌠.⌠.
.._.......>..♣.#..(..+...._..
.....♣♣♣.....♣.'.....#...⌠.⌠.


You could see a wight (ally target), a friendly hound (summoned), a friendly bat
(summoned) and a friendly rat (summoned).

Vanquished Creatures
  Menkaure (D:5)
  2 water moccasins (D:5)
  2 ice beasts
  A sky beast (D:7)
  An ogre (D:5)
  2 phantoms
  3 scorpions (D:5)
  2 wights (D:7)
  A howler monkey (D:5)
  A jelly (D:5)
  3 hounds
  3 orc priests
  Ijyb (D:3)
  4 iguanas (D:5)
  A merfolk siren (Sewer)
  4 orc wizards
  A merfolk avatar (Sewer)
  A gnoll (D:3)
  11 adders
  2 river rats (Sewer)
  An ufetubus (D:5)
  2 worms
  4 dart slugs
  21 orcs
  3 ball pythons
  2 endoplasms
  5 giant cockroaches
  12 goblins
  4 hobgoblins
  3 jackals (D:3)
  6 kobolds
  11 quokkas
  A bat (D:2)
  9 frilled lizards
  28 rats
159 creatures vanquished.

Vanquished Creatures (collateral kills)
  4 wights (D:7)
  A nameless horror (D:7)
  A jelly (D:7)
  An orc wizard (D:5)
  An adder (D:5)
  3 gnolls (D:6)
  4 orcs
  A jackal (D:5)
16 creatures vanquished.

Vanquished Creatures (others)
  A hound (D:6)
  An orc priest (D:2)
  An iguana (D:5)
  An orc wizard (D:4)
  2 gnolls (D:6)
  An orc (D:5)
7 creatures vanquished.

Grand Total: 182 creatures vanquished

Notes
Turn   | Place    | Note
-------+----------+-------------------------------------------
     0 | D:1      | H0rd4k the Octopode Artificer began the quest for the Orb.
     0 | D:1      | Reached XP level 1. HP: 13/13 MP: 1/1
   111 | D:1      | Reached XP level 2. HP: 8/18 MP: 1/3
   367 | D:1      | Reached skill level 1 in Spellcasting
   536 | D:1      | Found Nehikhap's Distillery.
   904 | D:2      | Reached XP level 3. HP: 20/24 MP: 4/4
  1223 | D:2      | Found a bloodstained altar of Trog.
  1232 | D:2      | Reached skill level 1 in Unarmed Combat
  1448 | D:2      | Found a runed translucent door.
  1449 | D:2      | Noticed Crazy Yiuf
  1968 | D:2      | Reached XP level 4. HP: 7/30 MP: 6/6
  2287 | D:3      | Found Koixkiu's Book Emporium.
  2339 | D:3      | Found a bloodstained altar of Trog.
  2533 | D:3      | Reached skill level 2 in Unarmed Combat
  2546 | D:3      | Reached XP level 5. HP: 10/36 MP: 8/8
  2942 | D:3      | Noticed Ijyb
  2947 | D:3      | Killed Ijyb
  3376 | D:3      | Reached skill level 3 in Unarmed Combat
  3759 | D:3      | Learned a level 2 spell: Blink
  4152 | D:4      | Found an iron altar of Okawaru.
  4160 | D:4      | Reached XP level 6. HP: 24/42 MP: 9/9
  4346 | D:4      | Reached skill level 4 in Unarmed Combat
  5407 | D:5      | Entered Level 5 of the Dungeon
  5467 | D:5      | Reached skill level 5 in Unarmed Combat
  5467 | D:5      | Reached XP level 7. HP: 46/46 MP: 11/11
  5511 | D:5      | Noticed Menkaure
  5524 | D:5      | Killed Menkaure
  5592 | D:5      | Reached skill level 6 in Unarmed Combat
  5794 | D:5      | Found Paylov's Jewellery Emporium.
  6057 | D:5      | Reached XP level 8. HP: 54/54 MP: 13/13
  6229 | D:5      | Reached skill level 7 in Unarmed Combat
  7049 | D:5      | Found an opulent altar of Gozag.
  7056 | D:5      | Became a worshipper of Gozag Ym Sagoz the Greedy
  7317 | D:5      | Reached skill level 5 in Fighting
  7804 | D:3      | Bought the Incunable of the Atmosphere for 160 gold pieces
  7806 | D:3      | Learned a level 1 spell: Summon Small Mammal
  7810 | D:3      | Learned a level 3 spell: Call Canine Familiar
  7814 | D:3      | Learned a level 3 spell: Summon Guardian Golem
  7819 | D:3      | Learned a level 4 spell: Summon Lightning Spire
  8178 | D:6      | Found a snail-covered altar of Cheibriados.
  8205 | D:6      | Noticed a kobold demonologist
  8205 | D:6      | Noticed a shadow
  8436 | D:6      | Found a glowing drain.
  8448 | Sewer    | Entered a sewer
  8494 | Sewer    | Reached skill level 1 in Air Magic
  8569 | Sewer    | Reached skill level 1 in Translocations
  8614 | Sewer    | Reached skill level 1 in Summonings
  8679 | Sewer    | Reached XP level 9. HP: 56/61 MP: 15/15
  9308 | D:7      | Learned a level 3 spell: Swiftness
  9316 | D:7      | Found a sparkling altar of Nemelex Xobeh.
 10065 | D:7      | Reached skill level 5 in Spellcasting
 10201 | D:7      | Found a faded altar of an unknown god.
 10447 | D:7      | Found a staircase to the Ecumenical Temple.
 10462 | D:7      | Slain by a wight

Illustrated notes

Levels and vault maps discovered:
D:1:      ncdulo_wetmaze, layout_rooms, serial_shops, shop
D:2:      layout_basic, basic_altar, uniq_crazy_yiuf_cottage
D:3:      kennysheep_goblin_castle, layout_basic, trog_butcher_becter,
          serial_shops, nicolae_shop_hallway_stairs,
          chequers_serial_rivers_small_3
D:4:      layout_loops_ring, mainiacjoe_overflow_catwalk, minivault_26,
          wad_orctagon
D:5:      minmay_diamond_boxcup, layout_loops_ring,
          nicolae_gozag_cash_rules_everything_around_me, serial_shops, shop,
          nicolae_hexahallways, st_stairs_4, uniq_menkaure
D:6:      minmay_cornered_nines, layout_basic,
          mainiacjoe_overflow_six_doors_small, cheibrodos_sewer_entry_bend
D:7:      layout_gridville, nemelex_xobeh_ov_fountains_minmay,
          nicolae_temple_entry_ecumenical

Skill      XL: |  1  2  3  4  5  6  7  8  9 |
---------------+----------------------------+-----
Spellcasting   | 1 2 3 4 5 |  5.2
Fighting       | 2 3 4 5 |  5.8
Unarmed Combat | 1 2 3 5 6 7 |  7.8
Air Magic      | 1 |  1.3
Translocations | 1 |  1.2
Summonings     | 1 2 |  2.9
Dodging        | |  2.3
Stealth        | |  1.3
Evocations     | |  3.2

Action                   |  1- 3 |  4- 6 |  7- 9 || total
-------------------------+-------+-------+-------++-------
Melee: Unarmed           |    66 |   150 |   184 ||   400
       Constrict         |    21 |    44 |    42 ||   107
       Tentacles         |    13 |    39 |    42 ||    94
       Punch             |       |     5 |     9 ||    14
 Cast: Summon Small Mamm |       |       |    15 ||    15
       Call Canine Famil |       |       |     3 ||     3
       Blink             |       |       |     2 ||     2
Evoke: Wand              |     2 |     7 |    60 ||    69
  Use: Scroll            |       |       |     1 ||     1
 Stab: Sleeping          |     6 |     5 |     7 ||    18
       Distracted        |       |     1 |     1 ||     2
Armor: Skin              |     4 |     6 |     7 ||    17
Dodge: Dodged            |    38 |    83 |    90 ||   211
